 Dungeon Sprint DCSS version 0.24.0-123-gd5b16e6ec5 (webtiles) character file.

Game seed: 780659573475125290, levelgen mode: deterministic

2300 McKennaii the Thaumaturge (level 9, 0/68 HPs)
             Began as a Grey Draconian Fire Elementalist on Jan 26, 2020.
             Was a Believer of Vehumet.
             Slain by a demonic crawler (4 damage)
             ... in the Dungeon (Sprint I: "Red Sonja").
             The game lasted 00:07:16 (1798 turns).

McKennaii the Thaumaturge (DrFE)                    Turns: 1798, Time: 00:07:17

Health: 0/68       AC: 17    Str: 11    XL:     9   Next: 17%
Magic:  12/25      EV: 15    Int: 19    God:    Vehumet [**....]
Gold:   443        SH:  0    Dex: 11    Spells: 27/33 levels left

rFire    . . .     SeeInvis +   (no weapon)
rCold    . . .     Gourm    .   (no shield)
rNeg     . . .     Faith    .   (armour unavailable)
rPois    .         Spirit   .   (helmet restricted)
rElec    .         Reflect  .   i - +2 cloak of the Thief {+Fog Slay-2 SInv Stlth+}
rCorr    .         Harm     .   h - +0 pair of gloves
MR       .....     NoTele   +   g - +0 pair of boots
Stlth    ++++......             (no amulet)
HPRegen  0.21/turn              (no ring)
MPRegen  0.19/turn              (no ring)

@: very slightly contaminated
A: walk through water, unfitting armour, unbreathing, cold-blooded, AC +12
a: Renounce Religion, Evoke Fog


You were in the Dungeon.
You worshipped Vehumet.
Vehumet was pleased with you.
You were not hungry.

You visited 1 branch You collected 850 gold pieces.
You spent 407 gold pieces at shops.

Inventory:

Armour
 g - a +0 pair of boots (worn)
 h - a +0 pair of gloves (worn)
 i - the +2 cloak of the Thief (worn) {+Fog Slay-2 SInv Stlth+}
   (You bought it in a shop in the Dungeon)

   It affects your accuracy and damage with ranged weapons and melee attacks
   (-2).
   It lets you see invisible.
   It makes you more stealthy.
Scrolls
 d - a scroll of fog
Potions
 c - 2 potions of curing
 f - 2 potions of magic
Comestibles
 b - a ration


   Skills:
 + Level 2.5 Fighting
 + Level 6.9 Dodging
 + Level 4.8 Stealth
 * Level 12.6 Spellcasting
 * Level 9.9 Conjurations
 - Level 9.2 Fire Magic


You had 27 spell levels left.
You knew the following spells:

 Your Spells              Type           Power        Failure   Level  Hunger
a - Flame Tongue          Conj/Fire      #####        1%          1    None
c - Fireball              Conj/Fire      #####.....   3%          5    ####...

Your spell library contained the following spells:

 Spells                   Type           Power        Failure   Level  Hunger
 Shock                    Conj/Air       ####         1%          1    None
 Throw Flame              Conj/Fire      #####.       1%          2    None
 Conjure Flame            Conj/Fire      #####...     1%          3    None
 Sticky Flame             Conj/Fire      #####...     1%          4    #......
 Inner Flame              Hex/Fire       ####....     2%          3    None


Dungeon Overview and Level Annotations

Branches:
Dungeon (1/1)

Altars:
Cheibriados
Dithmenos
Elyvilon
Fedhas
Gozag
Hepliaklqana
Kikubaaqudgha
Makhleb
Nemelex Xobeh
Okawaru
Qazlal
Ru
Sif Muna
Trog
Uskayaw
Vehumet
Wu Jian
Xom
Yredelemnul
Zin
The Shining One
Jiyva
Lugonu

Shops:
D *[[


Innate Abilities, Weirdness & Mutations

You can walk through water.
Your dull iron-grey scales are very hard. (AC +12)
You cannot fit into any form of body armour.
You can survive without breathing.
You are cold-blooded and may be slowed by cold attacks.


Message History

Press: ? - help, Shift-Dir - straight line You miscast Fireball.
You are very lightly contaminated with residual magic.
Wisps of smoke drift from your hands. The demonic crawler barely misses you.
The demonic crawler closely misses you. The demonic crawler hits you!
* * * LOW HITPOINT WARNING * * *
The demonic crawler closely misses you.
The demonic crawler hits you but does no damage. x2
Okay, then.
As you read the scroll labeled POIDIF CAASK, it crumbles to dust.
The scroll dissolves into smoke.
It was a scroll of fog.
The demonic crawler barely misses you.
The demonic crawler hits you but does no damage.
The demonic crawler barely misses you.
Okay, then.
As you read the scroll labeled ELOIBA FEGE, it crumbles to dust.
It is a scroll of enchant weapon.
You aren't carrying any weapons that can be enchanted.
The demonic crawler hits you.
You die...

###################
#§§#§§'.s#..'..#__#
#§§§§§#..').#..'s.'
#§s#####'#####'#__#
#.@####..#(..#.####
#..#__####..##.#≈§≈
#[.#_____##'#_.'§≈§
#⌠⌠#_.∩...').[_#§§§
####_..__##_(#'# +
#_____###'#.#
############.####+#
#∩........'...'....
###++++####...#####


You could see a demonic crawler.

Vanquished Creatures
  Sonja (D)
  A deep troll (D)
  2 kobold demonologists (D)
  A slime creature (D)
  Sigmund (D)
  A yak (D)
  A floating eye (D)
  An ogre (D)
  A jelly (D)
  Ijyb (D)
  2 ballistomycete spores (D)
13 creatures vanquished.

Vanquished Creatures (others)
  A gargoyle (D)
1 creature vanquished.

Grand Total: 14 creatures vanquished

Notes
Turn   | Place    | Note
-------+----------+-------------------------------------------
     0 | D        | McKennaii the Draconian Fire Elementalist began the quest
                  | for the Orb.
     0 | D        | Reached XP level 1. HP: 14/14 MP: 3/3
     3 | D        | Noticed Ijyb
    53 | D        | Killed Ijyb
    53 | D        | Reached skill level 3 in Spellcasting
    53 | D        | Reached XP level 2. HP: 6/22 MP: 0/6
   280 | D        | Noticed an ogre
   288 | D        | Killed an ogre
   288 | D        | Reached skill level 4 in Spellcasting
   288 | D        | Reached skill level 5 in Fire Magic
   288 | D        | Reached XP level 3. HP: 23/27 MP: 0/9
   288 | D        | Reached XP level 4. HP: 29/34 MP: 0/10
   377 | D        | Noticed Sigmund
   381 | D        | Killed Sigmund
   381 | D        | Reached skill level 6 in Spellcasting
   381 | D        | Reached skill level 5 in Conjurations
   381 | D        | Reached XP level 5. HP: 39/39 MP: 7/14
   440 | D        | Found an ornate altar of the Wu Jian Council.
   440 | D        | Found a shimmering blue altar of Sif Muna.
   442 | D        | Found a burning altar of Makhleb.
   442 | D        | Found a viscous altar of Jiyva.
   442 | D        | Found a shimmering altar of Xom.
   442 | D        | Found a corrupted altar of Lugonu.
   442 | D        | Noticed a slime creature
   457 | D        | Killed a slime creature
   457 | D        | Reached skill level 1 in Fighting
   457 | D        | Reached skill level 5 in Dodging
   457 | D        | Reached skill level 8 in Spellcasting
   457 | D        | Reached XP level 6. HP: 23/47 MP: 10/17
   689 | D        | Found a radiant altar of Vehumet.
   696 | D        | Became a worshipper of Vehumet
   714 | D        | Found Venaveps's Armour Emporium.
   714 | D        | Found an ancient bone altar of Kikubaaqudgha.
   714 | D        | Found a hazy altar of Hepliaklqana.
   714 | D        | Found a stormy altar of Qazlal.
   714 | D        | Found a hide-covered altar of Uskayaw.
   714 | D        | Found a blossoming altar of Fedhas.
   714 | D        | Found a bloodstained altar of Trog.
   714 | D        | Found an iron altar of Okawaru.
   714 | D        | Found a basalt altar of Yredelemnul.
   714 | D        | Found a glowing golden altar of the Shining One.
   714 | D        | Found a snail-covered altar of Cheibriados.
   714 | D        | Found a sacrificial altar of Ru.
   714 | D        | Found a glowing silver altar of Zin.
   714 | D        | Found a shadowy altar of Dithmenos.
   714 | D        | Found a white marble altar of Elyvilon.
   714 | D        | Noticed a yak
   723 | D        | Killed a yak
   723 | D        | Your scales start taking on a dull iron-grey colour.
   723 | D        | Reached XP level 7. HP: 39/52 MP: 13/19
   723 | D        | Gained mutation: You can survive without breathing. [Grey
                  | Draconian growth]
   796 | D        | Found an opulent altar of Gozag.
   797 | D        | Found a sparkling altar of Nemelex Xobeh.
   816 | D        | Noticed Sonja
   824 | D        | Killed Sonja
   824 | D        | Reached skill level 10 in Spellcasting
   824 | D        | Reached XP level 8. HP: 34/61 MP: 13/22
   908 | D        | Found Gattoarchiu's General Store.
   976 | D        | Noticed a deep troll
   991 | D        | Killed a deep troll
   991 | D        | Reached * piety under Vehumet
   991 | D        | Offered knowledge of Magic Dart by Vehumet.
   991 | D        | Reached skill level 11 in Spellcasting
  1252 | D        | Killed a gargoyle
  1272 | D        | Noticed a centaur warrior
  1293 | D        | Found Asephus's Armour Emporium.
  1302 | D        | Bought a +0 pair of boots for 63 gold pieces
  1302 | D        | Bought a +0 pair of gloves for 63 gold pieces
  1302 | D        | Bought the +2 cloak of the Thief {+Fog Slay-2 SInv Stlth+}
                  | for 281 gold pieces
  1302 | D        | Found the +2 cloak of the Thief {+Fog Slay-2 SInv Stlth+}
  1349 | D        | Noticed a kobold demonologist
  1362 | D        | Learned a level 5 spell: Fireball
  1367 | D        | Noticed an ice devil
  1503 | D        | Killed a kobold demonologist
  1503 | D        | Reached skill level 12 in Spellcasting
  1503 | D        | Reached XP level 9. HP: 68/68 MP: 8/25
  1603 | D        | Noticed a kobold demonologist
  1605 | D        | Killed a kobold demonologist
  1605 | D        | Reached ** piety under Vehumet
  1605 | D        | Offered knowledge of Shock by Vehumet.
  1671 | D        | Noticed a demonic crawler
  1671 | D        | Noticed a demonic crawler
  1671 | D        | Noticed a demonic crawler
  1671 | D        | Noticed a demonic crawler
  1794 | D        | HP: 3/68 [demonic crawler (12)]
  1798 | D        | Slain by a demonic crawler

Levels and vault maps discovered:
D:        dungeon_sprint_1 [red_sonja_temple_1, red_sonja_temple_small_1]

Skill      XL: |  1  2  3  4  5  6  7  8 |
---------------+-------------------------+-----
Dodging        | 2 3 4 5 6 |  6.9
Stealth        | 2 3 4 |  4.8
Spellcasting   | 3 4 6 8 10 12 | 12.6
Conjurations   | 2 3 5 6 7 9 |  9.9
Fire Magic     | 4 5 7 8 9 |  9.2
Fighting       | 1 2 |  2.5

Action                   |  1- 3 |  4- 6 |  7- 9 || total
-------------------------+-------+-------+-------++-------
Melee: Unarmed           |    38 |     6 |       ||    44
       Tailslap          |     6 |     1 |       ||     7
 Cast: Flame Tongue      |    11 |    18 |    35 ||    64
       Fireball          |       |       |    11 ||    11
  Use: Potion            |       |     2 |     3 ||     5
       Scroll            |       |       |     3 ||     3
  Eat: Chunk             |       |       |     1 ||     1
       Ration            |       |       |     1 ||     1
Armor: Skin              |    13 |     2 |    37 ||    52
Dodge: Dodged            |    25 |     7 |    61 ||    93
